 Dungeon Crawl Stone Soup version 0.23-a0-269-g65e0026 (webtiles) character file.

3 mhoghedin the Skirmisher (level 1, 14/18 HPs)
             Began as a Mummy Fighter on Sept 30, 2018.
             Quit the game on level 1 of the Dungeon.
             The game lasted 00:00:26 (61 turns).

mhoghedin the Skirmisher (Mummy Fighter)              Turns: 61, Time: 00:00:26

Health: 14/18      AC:  1    Str: 19    XL:     1   Next: 41%
Magic:  1/1        EV:  8    Int:  7    God:
Gold:   25         SH:  8    Dex: 11    Spells: 0/0 levels left

rFire    x . .     SeeInvis .   a - +0 flail
rCold    + . .     Gourm    .   c - +0 shield
rNeg     + + +     Faith    .   e - -1 robe (curse)
rPois    ∞         Spirit   .   (no helmet)
rElec    .         Reflect  .   (no cloak)
rCorr    .         Harm     .   (no gloves)
MR       .....                  (no boots)
Stlth    +.........             (no amulet)
HPRegen  0.06/turn              (no ring)
MPRegen  0.07/turn              (no ring)

@: very slightly contaminated
A: no food or potions, fire vulnerability, cold resistance 1, negative energy
resistance 3, torment resistance, unbreathing
a: no special abilities


You were on level 1 of the Dungeon.
You were not hungry.

You visited 1 branch of the dungeon, and saw 1 of its levels.

You collected 25 gold pieces.

Inventory:

Hand Weapons
 a - a +0 flail (weapon)
Armour
 b - a +0 scale mail
 c - a +0 shield (worn)
 e - a cursed -1 robe (worn)
   (You found it on level 1 of the Dungeon)


   Skills:
 + Level 3.0 Fighting
 + Level 1.6 Maces & Flails
 + Level 2.4 Armour
 + Level 2.4 Shields


You couldn't memorise any spells.
You didn't know any spells.
Your spell library was empty.

Dungeon Overview and Level Annotations

Branches:
Dungeon (1/15)

Altars:


Innate Abilities, Weirdness & Mutations

You do not eat or drink.
Your flesh is vulnerable to fire.
You are immune to poison.
Your flesh is cold resistant. (rC+)
You are immune to negative energy. (rN+++)
You are immune to unholy pain and torment.
You can survive without breathing.


Message History

Welcome, mhoghedin the Mummy Fighter.
It is said that the Orb of Zot exists deep within this dungeon.
Found 25 gold pieces, a ration and a leather armour.
Found a staircase leading out of the dungeon.
You now have 4 gold pieces.
You now have 9 gold pieces (gained 5).
Found an embroidered robe.
You now have 25 gold pieces (gained 16).
A rat and a hobgoblin come into view.
The hobgoblin shouts!
You see here a scroll labeled NULUYB IMOTYTOKE.
d - a scroll labeled NULUYB IMOTYTOKE A kobold comes into view.
The kobold shouts!
The rat closely misses you.
You see here an embroidered robe.
You sock the rat!
You kill the rat!
You barely miss the hobgoblin. The hobgoblin closely misses you.
You barely miss the hobgoblin. The hobgoblin hits you with a club.
You take 2 damage, and have 16/18 hp.
You closely miss the hobgoblin. You block the hobgoblin's attack.
The hobgoblin hits you with a club.
You take 3 damage, and have 13/18 hp.
You barely miss the hobgoblin. You block the hobgoblin's attack.
You closely miss the hobgoblin. You block the hobgoblin's attack.
You thump the hobgoblin!
You kill the hobgoblin!
You completely miss the kobold. The kobold barely misses you.
You block the kobold's attack.
You closely miss the kobold. You block the kobold's attack.
You hit the kobold. You block the kobold's attack.
You closely miss the kobold. The kobold barely misses you.
The kobold closely misses you.
You sock the kobold!
You kill the kobold!
You see here an embroidered robe.
e - an embroidered robe You start removing your armour.
You continue taking off your +0 scale mail. x4
You finish taking off your +0 scale mail.
You start putting on your armour.
You continue putting on your embroidered robe. x5
You finish putting on your cursed -1 robe.
Oops, that feels deathly cold.
Blink to where?
You are very lightly contaminated with residual magic.
As you read the scroll labeled NULUYB IMOTYTOKE, it crumbles to dust.
It was a scroll of blinking.

#.....# #...%.# #.....#
###### #.....# #...@#
#.....# # #+###+##§#
#.....#$. .....(.#)#
#........
.......#.####.....#..
###........#.....K.......
..........[..............
.....%..................#
≈≈≈≈≈≈≈≈P...P≈≈≈≈≈≈≈≈P..#
≈≈≈≈≈≈≈≈≈...≈≈≈≈≈≈≈≈≈≈..#


There were no monsters in sight!

Vanquished Creatures
  A hobgoblin (D:1)
  A kobold (D:1)
  A rat (D:1)
3 creatures vanquished.

Notes
Turn   | Place    | Note
-------+----------+-------------------------------------------
     0 | D:1      | mhoghedin the Mummy Fighter began the quest for the Orb.
     0 | D:1      | Reached XP level 1. HP: 18/18 MP: 1/1
    61 | D:1      | Quit the game

Vault maps used:
D:1:      giann_bridges, roderic_serpentine_path

Action                   || total
-------------------------++-------
Melee: Flail             ||    12
  Use: Scroll            ||     1
Dodge: Dodged            ||     5
Block: Shield            ||     6

Table legend:
 A = Non-vault XP
 B = Vault XP
 C = Vault XP percentage of total XP
 D = Non-vault monster count
 E = Vault monster count
 F = Vault count percentage of total count
                 A         B        C        D         E       F
            +---------+---------+-------+---------+---------+-------
      Total |       5 |       0 |   0.0 |       3 |       0 |   0.0
            +---------+---------+-------+---------+---------+-------
        D:1 |       5 |       0 |   0.0 |       3 |       0 |   0.0
            +---------+---------+-------+---------+---------+-------

Vault maps used:
D:1:      giann_bridges, roderic_serpentine_path

Table legend:
 A = Turns spent in this place as a percentage of turns spent in the entire game.
 B = Non-inter-level travel turns spent in this place as a percentage of non-inter-level travel turns spent in the entire game.
 C = Inter-level travel turns spent in this place as a percentage of turns spent in this place.
 D = Turns resting spent in this place as a percentage of non-inter-level travel turns spent in this place.
 E = Turns spent auto-exploring this place as a percentage of non-inter-level travel turns spent in this place.
 F = Non-inter-level travel turns spent in this place divided by the number of levels of this place that you've seen.
                   A       B       C       D       E      F
               +-------+-------+-------+-------+-------+----------------------
         Total | 100.0 | 100.0 |   0.0 |   0.0 |  36.1 |  61.0
       Dungeon | 100.0 | 100.0 |   0.0 |   0.0 |  36.1 |  61.0
               +-------+-------+-------+-------+-------+----------------------

Table legend:
 A = Kills in this place as a percentage of kills in entire the game.
 B = Kills by you in this place as a percentage of kills by you in the entire game.
 C = Kills by friends in this place as a percentage of kills by friends in the entire game.
 D = Other kills in this place as a percentage of other kills in the entire game.
 E = Experience gained in this place as a percentage of experience gained in the entire game.
 F = Experience gained in this place divided by the number of levels of this place that you have seen.
                   A       B       C       D       E      F
               +-------+-------+-------+-------+-------+----------------------
         Total | 100.0 | 100.0 |   N/A |   N/A | 100.0 |   5.0
       Dungeon | 100.0 | 100.0 |   N/A |   N/A | 100.0 |   5.0
               +-------+-------+-------+-------+-------+----------------------
